 Dungeon Crawl Stone Soup version 0.23-a0-650-ga4d50d4 (webtiles) character file.

552 CanOfBees the Twirler (level 7, 0/53 HPs)
             Began as a Demonspawn Gladiator on Jan 3, 2019.
             Was a Believer of Qazlal.
             Slain by an ice beast (2 damage)
             ... on level 5 of the Dungeon.
             The game lasted 00:08:42 (4437 turns).

CanOfBees the Twirler (Demonspawn Gladiator)        Turns: 4437, Time: 00:08:43

Health: 0/53       AC:  6    Str: 16    XL:     7   Next: 8%
Magic:  0/9        EV: 12    Int: 10    God:    Qazlal [**....]
Gold:   311        SH:  6    Dex: 14    Spells: 6/6 levels left

rFire    + . .     SeeInvis .   a - +0 quarterstaff
rCold    + . .     Gourm    .   (shield currently unavailable)
rNeg     . . .     Faith    .   q - +1 ring mail
rPois    .         Spirit   +   (helmet restricted)
rElec    .         Reflect  .   (no cloak)
rCorr    .         Harm     .   (no gloves)
MR       .....                  (no boots)
Stlth    +.........             (no amulet)
HPRegen  0.17/turn              h - ring of protection from fire
MPRegen  0.11/turn              (no ring)

@: no status effects
A: horns 2, large bone plates 1, cold resistance 1, magic shield
a: Upheaval, Renounce Religion


You were on level 5 of the Dungeon.
You worshipped Qazlal.
Qazlal was pleased with you.
You were not hungry.

You visited 1 branch of the dungeon, and saw 5 of its levels.

You collected 311 gold pieces.

Inventory:

Hand Weapons
 a - a +0 quarterstaff (weapon)
Missiles
 d - 3 throwing nets
 j - 14 poisoned needles
 k - 145 stones (quivered)
Armour
 q - a +1 ring mail (worn)
Jewellery
 h - a ring of protection from fire (left hand)
 n - a +3 ring of intelligence
 p - an uncursed ring of ice
Wands
 b - a wand of disintegration (8)
 v - a wand of iceblast (3)
 y - a wand of flame (18)
Scrolls
 g - a scroll of blinking {unknown}
 i - a scroll of teleportation {unknown}
 l - 5 scrolls of identify
 m - 2 scrolls of remove curse
 s - a scroll of enchant weapon {unknown}
Potions
 e - a potion of magic {unknown}
 o - a potion of lignification
 r - a potion of brilliance {unknown}
 t - a potion of heal wounds
 x - a potion of curing {unknown}
Comestibles
 f - 7 rations
 w - 9 chunks of flesh


   Skills:
 + Level 3.9 Fighting
 + Level 4.2 Staves
 + Level 3.6 Throwing
 + Level 2.3 Armour
 - Level 3.0 Dodging
 + Level 3.6 Invocations


You had 6 spell levels left.
You didn't know any spells.
Your spell library was empty.

Dungeon Overview and Level Annotations

Branches:
Dungeon (5/15)
 Temple: D:4-7

Altars:
Dithmenos
Fedhas
Gozag
Makhleb
Qazlal


Innate Abilities, Weirdness & Mutations

You have a pair of horns on your head.
You are partially covered in large bone plates. (SH +4)
Your flesh is cold resistant. (rC+)
When hurt, damage is shared between your health and your magic reserves.


Message History

The ice beast hits you. The ice beast freezes you. You resist.
* * * LOW HITPOINT WARNING * * *
As you read the scroll labeled WEACWE FEYQ, it crumbles to dust.
You feel blessed for a moment.
It was a scroll of remove curse.
The ice beast closely misses you.
As you read the scroll labeled DITOINT REUH, it crumbles to dust.
It is a scroll of enchant armour.
Your +0 ring mail glows green for a moment.
The ice beast hits you.
* * * LOW HITPOINT WARNING * * *
The ice beast freezes you! You resist.
* * * LOW HITPOINT WARNING * * *
As you read the scroll labeled ZUCEYVV FONKUS, it crumbles to dust.
It is a scroll of amnesia.
You feel forgetful for a moment.
The ice beast hits you but does no damage.
As you read the scroll labeled LYHO LIUQIMUMI, it crumbles to dust.
The creatures around you are filled with an inner flame!
It was a scroll of immolation.
The ice beast hits you.
You die...

#............#######
#............##....##
#........)..........#
#......#####)##....##
#......###..[##....######
#........#.....)รท.........
#........#..<)............
#........#................
#....##.##@####...########
#######.##Y## #...#
#....Y.# .....#
#......#......#
#......#......#
#......#......# ##......#
....o. #......## #.....
####...### ####....#


You could see 2 ice beasts.

Vanquished Creatures
  A sky beast (D:4)
  A crimson imp (D:4)
  2 orc wizards (D:5)
  An orc priest (D:4)
  A gnoll shaman (D:4)
  Natasha (D:3)
  An iguana (D:4)
  3 worker ants
  Robin (D:4)
  4 adders
  3 gnolls
  An ooze (D:1)
  An adder skeleton (D:4)
  An adder zombie (D:4)
  2 worms
  A dart slug (D:3)
  3 leopard geckos
  8 orcs
  5 giant cockroaches
  16 goblins
  6 hobgoblins
  6 jackals
  8 kobolds
  A quokka (D:4)
  3 ball pythons
  4 bats
  11 frilled lizards
  A leopard gecko skeleton (D:4)
  6 rats
103 creatures vanquished.

Notes
Turn   | Place    | Note
-------+----------+-------------------------------------------
     0 | D:1      | CanOfBees the Demonspawn Gladiator began the quest for the
                  | Orb.
     0 | D:1      | Reached XP level 1. HP: 16/16 MP: 1/1
   182 | D:1      | Gained mutation: You have a pair of small horns on your
                  | head. [demonic ancestry]
   182 | D:1      | Reached XP level 2. HP: 18/22 MP: 2/2
   508 | D:1      | Reached skill level 3 in Staves
   754 | D:2      | Gained mutation: You are partially covered in large bone
                  | plates. (SH +4) [demonic ancestry]
   754 | D:2      | Reached XP level 3. HP: 28/28 MP: 3/3
  1026 | D:2      | Found a faded altar of an unknown god.
  1315 | D:2      | Found a stormy altar of Qazlal.
  1331 | D:2      | Became a worshipper of Qazlal Stormbringer
  1781 | D:3      | Found a burning altar of Makhleb.
  1792 | D:3      | Gained mutation: You have a pair of horns on your head.
                  | [demonic ancestry]
  1792 | D:3      | Reached XP level 4. HP: 34/34 MP: 4/4
  1843 | D:3      | Reached skill level 1 in Invocations
  2050 | D:3      | Found a shadowy altar of Dithmenos.
  2092 | D:3      | Found an opulent altar of Gozag.
  2100 | D:3      | Reached * piety under Qazlal
  2628 | D:4      | Noticed Natasha
  2632 | D:3      | Killed Natasha
  2632 | D:3      | Reached XP level 5. HP: 36/41 MP: 6/6
  2709 | D:3      | Reached skill level 1 in Armour
  3106 | D:4      | Noticed a sky beast
  3126 | D:4      | Killed a sky beast
  3126 | D:4      | Gained mutation: When hurt, damage is shared between your
                  | health and your magic reserves. [demonic ancestry]
  3126 | D:4      | Reached XP level 6. HP: 18/47 MP: 6/8
  3386 | D:4      | Noticed Robin
  3441 | D:4      | Killed Robin
  3757 | D:4      | Found a blossoming altar of Fedhas.
  3829 | D:4      | Reached ** piety under Qazlal
  3869 | D:5      | Entered Level 5 of the Dungeon
  3876 | D:4      | Reached skill level 4 in Staves
  4295 | D:5      | Gained mutation: Your flesh is cold resistant. (rC+)
                  | [demonic ancestry]
  4295 | D:5      | Reached XP level 7. HP: 53/53 MP: 9/9
  4435 | D:5      | HP: 1/53 [ice beast (6)]
  4437 | D:5      | Slain by an ice beast

Vault maps used:
D:1:      dpeg_arrival_concentric_ovals, minmay_strange_pillars
D:2:      overflow_temple_1_default, chequers_ecumenical_altar_simple
D:3:      marbit_many_paths, lemuel_crystal_altar, nicolae_gozag_seed_capital
D:4:      lemuel_doored_altar, first_ration, uniq_robin, uniq_natasha
D:5:      kennysheep_little_box

Skill      XL: |  1  2  3  4  5  6 |
---------------+-------------------+-----
Throwing       | 2 3 |  3.6
Staves         | 3 4 |  4.2
Dodging        | 3 |  3.0
Invocations    | 1 2 3 |  3.6
Fighting       | 3 |  3.9
Armour         | 1 2 |  2.3

Action                   |  1- 3 |  4- 6 |  7- 9 || total
-------------------------+-------+-------+-------++-------
Melee: Quarterstaff      |   108 |   177 |    14 ||   299
       Headbutt          |    17 |    24 |     1 ||    42
Throw: Stone             |     1 |    13 |       ||    14
Evoke: Wand              |       |       |     1 ||     1
  Use: Scroll            |       |     1 |     4 ||     5
       Potion            |       |     3 |       ||     3
 Stab: Sleeping          |     1 |       |       ||     1
  Eat: Chunk             |     3 |     8 |       ||    11
Armor: Leather armour    |    11 |       |       ||    11
       Ring mail         |    11 |    57 |     5 ||    73
       Skin              |       |    11 |       ||    11
Dodge: Dodged            |    50 |   110 |    10 ||   170
Block: Other             |    17 |    43 |     6 ||    66

Table legend:
 A = Non-vault XP
 B = Vault XP
 C = Vault XP percentage of total XP
 D = Non-vault monster count
 E = Vault monster count
 F = Vault count percentage of total count
                 A         B        C        D         E       F
            +---------+---------+-------+---------+---------+-------
      Total |     722 |      67 |   8.5 |      90 |      13 |  12.6
            +---------+---------+-------+---------+---------+-------
        D:1 |      40 |       0 |   0.0 |      23 |       0 |   0.0
        D:2 |      34 |       0 |   0.0 |      12 |       0 |   0.0
        D:3 |     131 |      36 |  21.6 |      26 |       2 |   7.1
        D:4 |     379 |      31 |   7.6 |      18 |      11 |  37.9
        D:5 |     138 |       0 |   0.0 |      11 |       0 |   0.0
            +---------+---------+-------+---------+---------+-------
